 Dungeon Crawl Stone Soup version 0.29-a0-284-gf9362112df (webtiles) character file.

Game seed: 4058309239058420327

513 ders the Magician (level 7, -4/67 HPs)
             Began as a Djinni Fire Elementalist on Mar 23, 2022.
             Slain by Pikel
             ... wielding a +0 whip of flaming
              (6 damage)
             ... on level 4 of the Dungeon.
             The game lasted 00:09:10 (7024 turns).

ders the Magician (Djinni Fire Elementalist)        Turns: 7024, Time: 00:09:10

Health: -4/67      AC: 23    Str:  6 (7)  XL:     7   Next: 43%
Gold:   258        EV:  2    Int: 16 (19) God:
                   SH:  0    Dex: 11 (13)

rFire   + . .      SeeInvis .   b - staff of fire
rCold   . . .      Faith    .   (no shield)
rNeg    . . .      Spirit   .   (body armour currently unavailable)
rPois   ∞          Reflect  .   (helmet currently unavailable)
rElec   .          Harm     .   (cloak currently unavailable)
rCorr   .          Rampage  .   (gloves currently unavailable)
Will    .....      NoTele   +   (boots unavailable)
Stlth   ++........              (no amulet)
HPRegen 0.21/turn               (no ring)
MPRegen 0.00/turn               (no ring)

@: mighty, tree-form, attractive
A: stationary, stasis, torment immunity, boosted hp, sickness immunity, (fire
resistance 2), (cold vulnerability 1), float, innate caster, HP casting, extra
vitality 1
a: no special abilities


You were on level 4 of the Dungeon.
You were a tree.
You visited 1 branch of the dungeon, and saw 5 of its levels.

You collected 258 gold pieces.

Inventory:

Hand Weapons
 f - a +0 trident
 h - the +3 woodcutter's axe {vorpal}
   (You took it off a gnoll on level 2 of the Dungeon)

   It inflicts extra damage upon your enemies.
 i - the +7 Throatcutter {drain, coup de grace}
   (You found it on level 5 of the Dungeon)

   A truly terrible weapon, it drains the life of any living foe it strikes.
   It may instantly kill foes which have little health.
Missiles
 c - 6 silver javelins
Armour
 a - a +0 robe (melded)
 l - a +2 pair of gloves (melded)
Magical Staves
 b - a staff of fire (weapon)
Wands
 j - a wand of flame (16)
Scrolls
 e - a scroll of enchant armour {unknown}
 g - a scroll of vulnerability
Potions
 k - 2 potions of lignification
 q - a potion of cancellation
 r - 2 potions of flight


   Skills:
 - Level 2.1 Dodging
 - Level 1.5 Stealth
 + Level 6.1 Spellcasting


You couldn't memorise any spells.
You knew the following spells:

 Your Spells              Type           Power      Damage    Failure   Level
a - Foxfire               Conj/Fire      100%       2x1d9     1%          1
b - Scorch                Fire           74%        2d9       1%          2
c - Conjure Flame         Conj/Fire      37%        6-21      3%          3
d - Inner Flame           Hex/Fire       37%        N/A       3%          3
e - Flame Wave            Conj/Fire      37%        2d9       11%         4
f - Sting                 Tmut/Pois      96%        1d7       1%          1
g - Ensorcelled Hibernat  Hex/Ice        48%        N/A       1%          2
h - Confusing Touch       Hex            24%        N/A       3%          3
Your spell library was empty.

Dungeon Overview and Level Annotations

Branches:
Dungeon (5/15)
 Temple: D:4-7

Altars:
Hepliaklqana
Okawaru

Annotations:
D:4 Pikel


Innate Abilities, Weirdness & Mutations

You are a tree.
Your roots penetrate the ground, keeping you stationary.
You cannot be teleported.
You are immune to unholy pain and torment.
Your maximum health is greatly increased.
Your equipment is partially melded.
You are immune to sickness and miasma.
You are immune to poison.
((Your flesh is very heat resistant. (rF++)))
((You are vulnerable to cold. (rC-)))
You float through the air rather than walking.
You learn spells naturally, not from books.
Your magical power is your life essence.
You have superior vitality. (+4 MHP)


Message History

Aim: Pikel, wielding a +0 whip of flaming and wearing a +0 robe (lightly wounded, more vulnerable to fire, 72% to hit)
The sting misses Pikel.
* * * LOW HITPOINT WARNING * * *
Pikel is no longer more vulnerable to fire.
Pikel hits you but does no damage.
Casting: Sting (safe; 1% risk of failure)
Confirm with . or Enter, or press ? or * to list all spells.
You feel a surge of power!
You conjure some foxfire!
* * * LOW HITPOINT WARNING * * *
Pikel hits you but does no damage.
The foxfire hits Pikel.
Pikel is moderately wounded.
The foxfire hits Pikel.
Pikel is moderately wounded.
Pikel hits you with a +0 whip of flaming.
* * * LOW HITPOINT WARNING * * *
Casting: Foxfire (safe; 1% risk of failure)
Confirm with . or Enter, or press ? or * to list all spells.
You feel a surge of power!
You conjure some foxfire!
* * * LOW HITPOINT WARNING * * *
Pikel hits you with a +0 whip of flaming.
* * * LOW HITPOINT WARNING * * *
The foxfire hits Pikel.
Pikel is heavily wounded.
The foxfire hits Pikel but does no damage.
Pikel is heavily wounded.
Pikel hits you but does no damage.
It was a potion of attraction.
You feel attractive to monsters. Pikel waves his whip at you.
Pikel hits you with a +0 whip of flaming.
* * * LOW HITPOINT WARNING * * *
It was a potion of degeneration.
There was something very wrong with that liquid.
You feel weakened.
You feel dopey.
You feel clumsy. Pikel hits you but does no damage.
It was a potion of might.
You feel very mighty all of a sudden.
Pikel hits you with a +0 whip of flaming.
You die...

######...#.###.####.# #........
#...#.###....#.# #........
#...#..##......# #........
########...##.##.##.#####........
.......+...+.....................
....####...###.#.##.#####........
....#.............#.# #........
....#.#########..K#.# ####.####
.......#........♣.#.########.....
....####)#######.##.#.......#####
###....#.#.......##.###.###.#
######.#.#..........###.# #.#
...# #.#.#.......####<#.# #.#
##.###.#.#......#####.#.###.#####
.....#.#.#......'................
##.#.#.#.#......#####.#.###.#####
#.#<#.#.#........# #............


You could see Pikel.

Vanquished Creatures
  A phantom (D:5)
  A gnoll sergeant (D:2)
  2 hounds (D:5)
  An orc priest (D:3)
  Jessica (D:3)
  Natasha (thrice) (D:2)
  Terence (D:2)
  An iguana (D:5)
  3 adders
  4 gnolls (D:2)
  A worm (D:3)
  3 dart slugs
  8 orcs
  4 ball pythons
  5 endoplasms
  5 giant cockroaches
  9 goblins
  A hobgoblin (D:3)
  3 jackals (D:2)
  2 kobolds
  3 quokkas
  3 bats
  2 frilled lizards
  2 rats
69 creatures vanquished.

Vanquished Creatures (others)
  71 foxfires
71 creatures vanquished.

Grand Total: 140 creatures vanquished

Notes
Turn   | Place    | Note
-------+----------+-------------------------------------------
     0 | D:1      | ders the Djinni Fire Elementalist began the quest for the
                  | Orb.
     0 | D:1      | Reached XP level 1. HP: 15/15 MP: 0/0
   483 | D:1      | Reached XP level 2. HP: 19/21 MP: 0/0
   882 | D:1      | Reached skill level 3 in Spellcasting
  1699 | D:2      | Reached XP level 3. HP: 22/25 MP: 0/0
  1699 | D:2      | Learned a level 1 spell: Sting
  1797 | D:2      | Noticed a gnoll sergeant
  1812 | D:2      | Reached XP level 4. HP: 22/31 MP: 0/0
  2201 | D:2      | Noticed Terence
  2470 | D:2      | Killed a gnoll sergeant
  2471 | D:2      | Reached skill level 4 in Spellcasting
  2471 | D:2      | Reached XP level 5. HP: 24/35 MP: 0/0
  2471 | D:2      | Learned a level 2 spell: Ensorcelled Hibernation
  2759 | D:2      | Killed Terence
  3039 | D:2      | Noticed Natasha
  3043 | D:2      | Killed Natasha
  3253 | D:2      | Reached XP level 6. HP: 11/40 MP: 0/0
  3514 | D:2      | Noticed Natasha
  3529 | D:2      | Killed Natasha
  3530 | D:2      | Reached skill level 5 in Spellcasting
  3696 | D:2      | Noticed Natasha
  3702 | D:2      | Killed Natasha
  4010 | D:3      | Noticed Jessica
  4017 | D:3      | Killed Jessica
  4645 | D:3      | Found a faded altar of an unknown god.
  5204 | D:4      | Found a hazy altar of Hepliaklqana.
  5213 | D:4      | Found an iron altar of Okawaru.
  6356 | D:5      | Entered Level 5 of the Dungeon
  6356 | D:5      | Noticed Pikel
  6386 | D:5      | Reached XP level 7. HP: 21/45 MP: 0/0
  6386 | D:5      | Learned a level 3 spell: Confusing Touch
  6611 | D:5      | Found the +7 Throatcutter {drain, coup de grace}
  6861 | D:5      | Reached skill level 6 in Spellcasting
  7022 | D:4      | HP: 2/67 [Pikel/+0 whip of flaming (6)]
  7024 | D:4      | Slain by Pikel

Illustrated notes

Levels and vault maps discovered:
D:1:      minmay_arrival_widening_spiral_wide, layout_basic
D:2:      layout_rooms, pf_guarded_unrand_woodcutter, uniq_natasha, uniq_terence
D:3:      layout_basic, shapermc_ecumenical_altar_ellora, uniq_jessica
D:4:      layout_basic, mainiacjoe_overflow_large_starburst
D:5:      layout_loops_cross, hangedman_glass_garden, uniq_pikel

Skill      XL: |  1  2  3  4  5  6  7 |
---------------+----------------------+-----
Spellcasting   | 3 4 5 6 |  6.1
Dodging        | |  2.1
Stealth        | |  1.5

Action                   |  1- 3 |  4- 6 |  7- 9 || total
-------------------------+-------+-------+-------++-------
Melee: Unarmed           |     1 |     3 |       ||     4
       Battleaxe         |       |     7 |       ||     7
 Cast: Foxfire           |    26 |    13 |     2 ||    41
       Scorch            |    11 |    63 |    14 ||    88
       Conjure Flame     |     2 |     6 |     4 ||    12
       Inner Flame       |       |     5 |       ||     5
       Sting             |       |     2 |     2 ||     4
  Use: Scroll            |       |     9 |       ||     9
       Potion            |       |     3 |     7 ||    10
Armor: Robe              |     5 |    11 |    10 ||    26
       Skin              |       |       |     6 ||     6
Dodge: Dodged            |     3 |    62 |    24 ||    89

Table legend: (Time is in decaauts)
 A = Elapsed time spent in this place.
 B = Non-inter-level travel time spent in this place.
 C = Inter-level travel time spent in this place.
 D = Time resting spent in this place.
 E = Time spent auto-exploring this place.
 F = Levels seen in this place.
 G = Mean time per level.
                   A        B        C        D        E       F      G
               +--------+--------+--------+--------+--------+-----+--------+
         Total |   6991 |   6601 |    390 |   2532 |   3357 |   5 | 1398.2 |
       Dungeon |   6991 |   6601 |    390 |   2532 |   3357 |   5 | 1398.2 |
               +--------+--------+--------+--------+--------+-----+--------+

Top non-repeatable levels by time:
     D:1: 2326 daAuts
     D:2: 1631 daAuts
     D:4: 1228 daAuts
     D:3: 1187 daAuts
     D:5: 617 daAuts
